AoeStats
← Barry McCocnher

Arabia

510639307Analyzed
2v2 RM · 1d ago on Oct 1, 2026· 48m 56s· 4 players
Game mode
Random Map
Map size
Medium (4 player)
Population
200
Speed
Normal
Resources
Standard
Victory
Conquest
Starting age
Dark Age
Ending age
Imperial Age
RankedLock teamsTeams togetherTeam positionsShared explorationLock speedFull tech treeHidden civsTurbo modeCheats
Victory
Defeat
🇪🇸 Khmer · Spain
837
+13
🇪🇸 Khmer · Spain
823
+14
🇺🇸 Maya · United States
798
-14
🇹🇷 Magyars · Türkiye
765
-13
Barry McCocnher
0:31 Loom
10:31 Feudal Age
10:57 Double-Bit Axe
17:11 Castle Age
16:44 Horse Collar
18:21 Forging
23:02 Iron Casting
Glasgow Kiss
5:28 Loom
9:36 Feudal Age
14:20 Bloodlines
23:54 Castle Age
26:55 Husbandry
32:02 Pikeman
37:24 Scale Barding Armor
38:11 Scale Mail Armor
miniopepotes98
13:20 Feudal Age
16:51 Castle Age
15:29 Double-Bit Axe
17:07 Bloodlines
21:52 Scale Barding Armor
22:45 Husbandry
26:56 Forging
28:01 Chain Barding Armor
31:31 Gold Mining
33:28 Gold Shaft Mining
34:57 Wheelbarrow
36:10 Iron Casting
36:39 Bow Saw
39:44 Horse Collar
vacaLechada7
16:21 Feudal Age
23:11 Double-Bit Axe
33:55 Castle Age
44:10 Bloodlines
44:02 Husbandry
43:24 Light Cavalry
44:24 Bow Saw
Connection lost

Rejoining the realm…

Still unreachable

The connection could not be restored.

Session expired

The server has moved on; the page needs a fresh start.